 Dungeon Crawl Stone Soup version 0.26-a0-712-ga5a9c9c9d0 (webtiles) character file.

Game seed: 851565421185663159

13348 Kuinu the Cleaver (level 11, -5/110 HPs)
             Began as a Minotaur Berserker on Nov 5, 2020.
             Was the Champion of Trog.
             Shot with an arrow by a centaur warrior (8 damage)
             ... on level 11 of the Dungeon.
             The game lasted 00:19:10 (11282 turns).

Kuinu the Cleaver (Minotaur Berserker)             Turns: 11282, Time: 00:19:23

Health: -5/110     AC: 15    Str: 25    XL:     11   Next: 74%
Magic:  10/10      EV:  8    Int:  4    God:    Trog [******]
Gold:   678        SH:  0    Dex: 10    Spells: 10/10 levels left

rFire    . . .     SeeInvis +   J - +4 executioner's axe
rCold    + . .     Faith    +   (shield currently unavailable)
rNeg     . . .     Spirit   .   o - +0 plate armour
rPois    .         Reflect  .   (helmet restricted)
rElec    .         Harm     .   w - +2 cloak
rCorr    .         Rampage  .   m - +1 pair of gloves
MR       .....                  (no boots)
Stlth    ..........             g - amulet of faith
HPRegen  0.28/turn              h - ring of see invisible
MPRegen  0.12/turn              G - ring of protection from cold

@: about to teleport
A: retaliatory headbutt, horns 2, deformed body
a: Berserk, Trog's Hand, Brothers in Arms, Renounce Religion


You were on level 11 of the Dungeon.
You worshipped Trog.
Trog was exalted by your worship.
You visited 1 branch of the dungeon, and saw 14 of its levels.

You collected 678 gold pieces.

Inventory:

Hand Weapons
 a - a +0 hand axe
 r - a +1 war axe of distortion
 B - a +0 war axe
 F - a +0 battleaxe
 J - a +4 executioner's axe (weapon)
Armour
 b - a +0 cloak
 m - a +1 pair of gloves (worn)
 o - a +0 plate armour (worn)
 q - a +2 ring mail of poison resistance
 s - a +0 tower shield
 w - a +2 cloak (worn)
Jewellery
 g - an amulet of faith (around neck)
 h - a ring of see invisible (left hand)
 G - a ring of protection from cold (right hand)
 H - a +4 ring of evasion
 K - an uncursed ring of stealth {unknown}
 N - a cursed ring of teleportation {unknown}
Wands
 p - a wand of flame (17)
 u - a wand of digging (9)
 I - a wand of polymorph (9)
Scrolls
 c - 4 scrolls of teleportation
 e - 2 scrolls of fog {unknown}
 i - 4 scrolls of remove curse
 y - 3 scrolls of noise
 C - a scroll of enchant weapon
 E - 2 scrolls of enchant armour
 L - a scroll of magic mapping
 M - 2 scrolls of blinking {unknown}
Potions
 d - a potion of haste {unknown}
 f - 2 potions of heal wounds
 j - 5 potions of stabbing
 k - 2 potions of resistance
 l - 2 potions of curing
 n - a potion of berserk rage {unknown}
 t - a potion of cancellation
 v - 3 potions of flight
 x - 3 potions of lignification
 z - a potion of ambrosia {unknown}
 A - 2 potions of brilliance {unknown}
 D - a potion of might


   Skills:
 * Level 14.2 Fighting
 * Level 14.2 Axes
 + Level 10.4 Armour
 - Level 2.1 Dodging


You had 10 spell levels left.
You didn't know any spells.
Your spell library was empty.

Dungeon Overview and Level Annotations

Branches:
Dungeon (14/15)            Temple (0/1) D:5            Lair (0/6) D:8
    Orc: D:9-12      Vaults: D:13-14

Altars:
Ashenzari
Cheibriados
Dithmenos
Kikubaaqudgha
Makhleb
Nemelex Xobeh
Okawaru
Sif Muna
Wu Jian
Yredelemnul
The Shining One

Shops:
D:6 !   D:7 !   D:10 (

Portals:
Abyss: D:9

Annotations:
D:9 2 transporters, Azzok's ghost, novice DsBe
D:11 Gastronok


Innate Abilities, Weirdness & Mutations

You reflexively headbutt those who attack you in melee.
You have a pair of horns on your head.
Armour fits poorly on your strangely shaped body.


Message History

You slice the centaur!!
You kill the centaur!
Trog accepts your kill.
The centaur warrior shoots an arrow.
The arrow closely misses you.
The centaur warrior shoots an arrow.
The arrow hits you.
You see here an arrow.
You hit Gastronok. You headbutt Gastronok!
Gastronok is lightly wounded.
The centaur warrior shoots an arrow.
The arrow hits you! Gastronok bites you!!
The centaur warrior shoots an arrow.
The arrow hits you!
* * * LOW HITPOINT WARNING * * *
You see here 3 arrows.
Okay, then.
As you read the scroll of teleportation, it crumbles to dust.
You feel strangely unstable.
Gastronok waves his eye-stalks in wide circles.
The air twists around and strikes you!!
* * * LOW HITPOINT WARNING * * *
The centaur warrior shoots an arrow.
The arrow hits you!
You die...

....#.#. ..)#.. .....
#+## ..####....
...#####.........# #
.......#.......c.#.#
.......+........w#.##.#
....[..#........()....#
.......#........@##.#...
..#.......######(##
..#............(..#
..###....(....(...#
....#...##(.......#
....#...##((......#
....######.....(..###
....# #...(.(....#.#
....# #.....).......


You could see Gastronok and a centaur warrior.

Vanquished Creatures
  2 two-headed ogres (D:8)
  A queen ant (D:9)
  An unseen horror (D:14)
  An ugly thing (D:12)
  Pikel (D:7)
  A manticore (D:11)
  A troll (D:9)
  Grinder (D:5)
  A vampire (D:11)
  4 wyverns
  2 basilisks
  3 soldier ants (D:9)
  4 water moccasins
  8 orc warriors
  3 sky beasts
  2 black bears
  6 ice beasts
  4 ogres
  2 eyes of draining
  4 phantoms
  4 wolves (D:8)
  7 centaurs
  A lemure (D:7)
  3 big kobolds
  6 bullfrogs
  A gnoll sergeant (D:8)
  9 scorpions
  7 wights
  A bullfrog zombie (D:5)
  8 orc priests
  4 hounds
  A gnoll shaman (D:8)
  A jelly (D:14)
  3 bullfrog skeletons
  4 iguanas
  10 orc wizards
  18 worker ants
  A hound skeleton (D:5)
  A hound zombie (D:7)
  A worker ant zombie (D:9)
  15 gnolls
  A howler monkey zombie (D:6)
  10 adders
  4 white imps
  An ooze (D:2)
  2 adder skeletons
  An adder zombie (D:7)
  4 worms
  3 dart slugs
  6 leopard geckos
  42 orcs
  5 giant cockroaches
  2 gnoll zombies (D:9)
  6 goblins
  2 hobgoblins
  10 jackals
  4 quokkas
  2 ball pythons (D:1)
  12 bats
  4 frilled lizards
  A jackal skeleton (D:4)
  30 kobolds
  A leopard gecko zombie (D:6)
  11 rats
322 creatures vanquished.

Vanquished Creatures (collateral kills)
  A hydra (D:14)
  A centaur zombie (D:14)
  An eye of draining (D:14)
3 creatures vanquished.

Vanquished Creatures (others)
  6 fungi
  26 plants
32 creatures vanquished.

Grand Total: 357 creatures vanquished

Notes
Turn   | Place    | Note
-------+----------+-------------------------------------------
     0 | D:1      | Kuinu the Minotaur Berserker began the quest for the Orb.
     0 | D:1      | Reached XP level 1. HP: 19/19 MP: 0/0
   127 | D:1      | Reached XP level 2. HP: 25/27 MP: 1/1
   550 | D:1      | Reached XP level 3. HP: 33/33 MP: 2/2
   572 | D:1      | Reached ** piety under Trog
  1096 | D:2      | Found a shimmering blue altar of Sif Muna.
  1352 | D:2      | Noticed a centaur
  1366 | D:2      | Killed a centaur
  1366 | D:2      | Reached skill level 5 in Fighting
  1366 | D:2      | Reached skill level 5 in Axes
  1366 | D:2      | Reached XP level 4. HP: 23/42 MP: 3/3
  1366 | D:2      | Reached XP level 5. HP: 26/48 MP: 4/4
  1648 | D:2      | HP: 1/50 [orc/puff of flame (9)]
  1660 | D:2      | Reached *** piety under Trog
  1897 | D:3      | Gained mutation: Armour fits poorly on your strangely
                  | shaped body. [mutagenic glow]
  2107 | D:3      | Found an ornate altar of the Wu Jian Council.
  2283 | D:4      | Reached XP level 6. HP: 46/57 MP: 5/5
  2861 | D:4      | Reached XP level 7. HP: 64/64 MP: 6/6
  2864 | D:4      | Reached **** piety under Trog
  3121 | D:4      | Found a burning altar of Makhleb.
  3182 | D:4      | Reached skill level 5 in Armour
  3514 | D:5      | Entered Level 5 of the Dungeon
  3790 | D:5      | Found a staircase to the Ecumenical Temple.
  3834 | D:5      | Found a sparkling altar of Nemelex Xobeh.
  3938 | D:5      | Reached XP level 8. HP: 60/74 MP: 7/7
  4048 | D:5      | Noticed Grinder
  4065 | D:5      | Paralysed by Grinder for 5 turns
  4083 | D:5      | Killed Grinder
  4608 | D:5      | Found an ancient bone altar of Kikubaaqudgha.
  4608 | D:5      | Found a shadowy altar of Dithmenos.
  4727 | D:6      | Reached ***** piety under Trog
  4938 | D:6      | Got a transparent amber ring
  4941 | D:6      | Identified the ring "Jeniacan" {*Tele Int+2} (You found it
                  | on level 6 of the Dungeon)
  5075 | D:6      | Reached XP level 9. HP: 40/84 MP: 8/8
  5366 | D:6      | Found Tidob's Distillery.
  5375 | D:6      | Reached skill level 10 in Fighting
  5375 | D:6      | Reached skill level 10 in Axes
  5919 | D:6      | Found an iron altar of Okawaru.
  6052 | D:7      | Noticed Pikel
  6063 | D:7      | Killed Pikel
  6515 | D:7      | Found Ymingiud's Distillery.
  6915 | D:7      | Reached XP level 10. HP: 68/96 MP: 9/9
  7811 | D:8      | Found a staircase to the Lair.
  7928 | D:8      | Noticed a two-headed ogre
  7935 | D:8      | Killed a two-headed ogre
  8109 | D:8      | Received a gift from Trog
  8267 | D:8      | Noticed a two-headed ogre
  8272 | D:8      | Killed a two-headed ogre
  8748 | D:8      | Found a glowing golden altar of the Shining One.
  8804 | D:8      | Found a snail-covered altar of Cheibriados.
  8949 | D:9      | Found a transporter.
  8949 | D:9      | Noticed a toenail golem
  8952 | D:9      | Found a one-way gate to the infinite horrors of the Abyss.
  8952 | D:9      | Noticed a toenail golem
  8952 | D:9      | Noticed Azzok's ghost (novice DsBe)
  8955 | D:9      | Noticed a worldbinder
  8970 | D:9      | Noticed a green ugly thing
  8970 | D:9      | Noticed a toenail golem
  9003 | D:9      | Found a transporter.
  9022 | D:9      | Noticed a great orb of eyes
  9227 | D:9      | Reached XP level 11. HP: 75/106 MP: 10/10
  9408 | D:9      | Noticed a queen ant
  9419 | D:9      | Killed a queen ant
  9623 | D:9      | Found a broken altar of Ashenzari.
  9655 | D:9      | Reached ****** piety under Trog
  9879 | D:9      | Found a basalt altar of Yredelemnul.
  9893 | D:10     | Entered Level 10 of the Dungeon
  9901 | D:10     | Found Atzaed's Weapon Boutique.
  9994 | D:10     | You fall into a shaft and drop 3 floors!
 10022 | D:13     | You fall into a shaft and drop 1 floor!
 10025 | D:14     | Noticed a four-headed hydra
 10038 | D:14     | Killed a five-headed hydra
 10038 | D:14     | Reached skill level 10 in Armour
 10045 | D:14     | Received a gift from Trog
 10127 | D:14     | Noticed an unseen horror
 10133 | D:14     | Killed an unseen horror
 10617 | D:12     | Noticed a red ugly thing
 10632 | D:12     | Killed a red ugly thing
 11276 | D:11     | Noticed Gastronok
 11276 | D:11     | Noticed a centaur warrior
 11282 | D:11     | HP: 3/110 [Gastronok/the air (25)]
 11282 | D:11     | Shot with an arrow by a centaur warrior

Illustrated notes

Levels and vault maps discovered:
D:1:      evilmike_arrival_crescent, layout_basic
D:2:      layout_basic, led_sif_pool
D:3:      layout_basic, lemuel_crystal_altar
D:4:      layout_basic, lightli_temple_of_fire, kennysheep_small_square
D:5:      old_forge, layout_basic, lemuel_round_altar,
          gammafunk_temple_overflow_elements, temple_green, uniq_grinder
D:6:      layout_gridville, lemuel_crystal_altar, serial_shops, shop_statue
D:7:      layout_basic, serial_shops, nicolae_shop_stone, uniq_pikel
D:8:      layout_loops_ring, nicolae_overflow_hidden_temple,
          nicolae_tso_swordbearing_angel, minmay_lair_entry_grove
D:9:      layout_irregular_city, lemuel_zombie_altar_yredelemnul,
          cheibrodos_ashenzari_chains, gammafunk_ghost_abyssal_escape,
          minmay_another_anthill
D:10:     layout_long_grid, special_room [special_room_orc], serial_shops, shop,
          uniq_snorg
D:11:     layout_basic, uniq_gastronok
D:12:     layout_irregular_city, erik_orc_4
D:13:     layout_roguey, serial_bayou, serial_bayou_shore_a,
          serial_bayou_lagoon_b, serial_bayou_pond_c, serial_bayou_ford_a
D:14:     cheibrodos_lost_city_excavation, layout_irregular_city,
          grunt_vaults_entry_fortified, small_statue_intersection,
          minmay_fractal_squares_diagonal_5

Skill      XL: |  1  2  3  4  5  6  7  8  9 10 11 |
---------------+----------------------------------+-----
Axes           | 4 5 6 8 9 11 12 14 | 14.2
Fighting       | 4 5 6 8 9 11 12 14 | 14.2
Armour         | 3 4 5 6 8 9 10 | 10.4
Dodging        | |  2.1

Action                   |  1- 3 |  4- 6 |  7- 9 | 10-12 || total
-------------------------+-------+-------+-------+-------++-------
Melee: Hand axe          |   114 |    78 |   124 |       ||   316
       Headbutt          |    12 |    16 |    55 |    56 ||   139
       War axe           |       |       |   133 |       ||   133
       Battleaxe         |       |       |    22 |   232 ||   254
       Executioner's axe |       |       |       |    64 ||    64
Invok: Berserk           |     1 |     4 |     4 |     3 ||    12
       Trog's Hand       |       |     1 |       |     2 ||     3
       Brothers in Arms  |       |       |       |     1 ||     1
  Use: Scroll            |     3 |       |    16 |     1 ||    20
       Potion            |       |     1 |     1 |       ||     2
Armor: Chain mail        |    60 |    61 |    15 |       ||   136
       Animal skin       |     1 |       |       |       ||     1
       Plate armour      |       |       |   158 |   183 ||   341
Dodge: Dodged            |    56 |    71 |   130 |   147 ||   404

Table legend: (Time is in decaauts)
 A = Elapsed time spent in this place.
 B = Non-inter-level travel time spent in this place.
 C = Inter-level travel time spent in this place.
 D = Time resting spent in this place.
 E = Time spent auto-exploring this place.
 F = Levels seen in this place.
 G = Mean time per level.
                   A        B        C        D        E       F      G
               +--------+--------+--------+--------+--------+-----+--------+
         Total |  11412 |  11163 |    249 |      0 |   9221 |  14 |  815.1 |
       Dungeon |  11412 |  11163 |    249 |      0 |   9221 |  14 |  815.1 |
               +--------+--------+--------+--------+--------+-----+--------+

Top non-repeatable levels by time:
     D:8: 1608 daAuts
     D:6: 1342 daAuts
     D:4: 1280 daAuts
     D:7: 1271 daAuts
     D:5: 1177 daAuts
     D:9: 1010 daAuts
     D:2: 929 daAuts
    D:12: 862 daAuts
     D:1: 744 daAuts
     D:3: 620 daAuts
    D:11: 230 daAuts
    D:14: 173 daAuts
    D:10: 100 daAuts
    D:13: 59 daAuts
